 Dungeon Crawl Stone Soup version 0.28.0-53-g5a82cb258f (webtiles) character file.

Game seed: 11997419355431309047

508 safid the Shield-Bearer (level 7, -7/60 HPs)
             Began as a Hill Orc Fighter on Aug 20, 2022.
             Killed by nerve-wracking pain
             ... invoked by Menkaure
              (12 damage)
             ... on level 5 of the Dungeon.
             The game lasted 00:06:27 (4004 turns).

safid the Shield-Bearer (Hill Orc Fighter)          Turns: 4004, Time: 00:06:28

Health: -7/60      AC: 12    Str: 21    XL:     7   Next: 18%
Magic:  7/7        EV:  4    Int:  8    God:
Gold:   160        SH: 13    Dex: 10    Spells: 6/6 levels left

rFire   . . .      SeeInvis .   o - +0 war axe
rCold   . . .      Faith    .   i - +0 tower shield
rNeg    . . .      Spirit   .   f - +0 chain mail
rPois   .          Reflect  .   k - +1 helmet
rElec   .          Harm     .   (no cloak)
rCorr   .          Rampage  .   (no gloves)
Will    .....                   l - +0 pair of boots
Stlth   ..........              (no amulet)
HPRegen 0.20/turn               (no ring)
MPRegen 0.10/turn               (no ring)

@: very slow
A: no striking features
a: no special abilities


You were on level 5 of the Dungeon.
You visited 1 branch of the dungeon, and saw 5 of its levels.
You also visited: Sewer.

You collected 160 gold pieces.

Inventory:

Hand Weapons
 o - a +0 war axe (weapon)
Missiles
 b - 7 curare-tipped darts (quivered)
 n - 16 poisoned darts
Armour
 f - a +0 chain mail (worn)
 i - a +0 tower shield (worn)
 k - a +1 helmet (worn)
 l - a +0 pair of boots (worn)
Wands
 a - a wand of charming (2)
Scrolls
 c - a scroll of summoning {unknown}
 e - 4 scrolls of fear {unknown}
 h - 5 scrolls of identify {unknown}
 j - 2 scrolls of immolation {unknown}
 p - a scroll of blinking {unknown}
 r - a scroll of noise {unknown}
 u - a scroll of enchant armour {unknown}
 y - 2 scrolls of teleportation {unknown}
Potions
 d - 2 potions of might
 g - 2 potions of curing {unknown}
 m - 3 potions of heal wounds {unknown}
 q - a potion of resistance {unknown}
 s - a potion of haste {unknown}
 t - 2 potions of magic {unknown}
 v - a potion of cancellation {unknown}
 w - 2 potions of mutation {unknown}
 x - a potion of invisibility {unknown}


   Skills:
 + Level 4.3 Fighting
 + Level 5.2(5.5) Axes
 - Level 2.1(3.5) Polearms
 - Level 4.0 Armour
 + Level 6.7 Shields


You had 6 spell levels left.
You didn't know any spells.
Your spell library contained the following spells:

 Spells                   Type           Power      Damage    Failure   Level
 Sandblast                Erth           0%         2d4       100%        1
 Passwall                 Tmut/Erth      0%         N/A       100%        2
 Stone Arrow              Conj/Erth      0%         3d7       100%        3
 Passage of Golubria      Tloc           0%         N/A       100%        4
 Silence                  Hex/Air        0%         N/A       100%        5
 Lehudib's Crystal Spear  Conj/Erth      0%         10d2      100%        8


Dungeon Overview and Level Annotations

Branches:
Dungeon (5/15)              Sewer (visited)
 Temple: D:4-7

Altars:

Shops:
D:3 =

Annotations:
D:4 2 transporters, lotum's ghost, amateur DrAE
D:5 Menkaure


Message History

You block Menkaure's attack.
Menkaure gestures at you while chanting.
Pain shoots through your body!
You hit Menkaure.
Menkaure is moderately damaged.
Menkaure hits you. x2
Your unstable footing causes you to fumble your attack.
Menkaure hits you! You block the orc's attack.
Menkaure giggles, "These cerements are ticklish..."
You block Menkaure's attack.
You slash Menkaure!
Menkaure is heavily damaged.
You hit the orc. You block the orc's attack.
Menkaure calls on the powers of darkness!
Your body is wracked with pain!
* * * LOW HITPOINT WARNING * * *
The orc hits you but does no damage. Menkaure hits you!
* * * LOW HITPOINT WARNING * * *
You barely miss Menkaure.
Menkaure is heavily damaged.
Menkaure points at you and mumbles some strange words.
You struggle to resist.
Menkaure mumbles, "Let me perform the rites..."
Menkaure gestures at you while chanting.
Pain shoots through your body!
* * * LOW HITPOINT WARNING * * *
You enter the shallow water.
Moving in this stuff is going to be slow.
Why would you want to do that?
Menkaure points at you and mumbles some strange words.
Pain shoots through your body!
* * * LOW HITPOINT WARNING * * *
Why would you want to do that?
You enter the shallow water.
Moving in this stuff is going to be slow.
You block Menkaure's attack.
Menkaure points at you and mumbles some strange words.
Pain shoots through your body!
You die...

#..............##.
#.........#.......
#......<..........
#...........#########
#.........≈..≈≈≈≈≈≈.##
##.......##.≈≈≈≈≈≈≈.≈#
###......#########..#
#.^..#..##≈≈≈≈≈≈..#
#....#.##≈≈@...≈.##
#......#.M≈≈≈≈≈≈##
..... #..######### .
#o≈≈≈≈≈≈≈≈≈#....
##.≈≈.≈≈≈.≈≈#
########≈≈.# .......
#######


You could see Menkaure (fast) and an orc.

Vanquished Creatures
  An ogre (D:4)
  A kobold brigand (Sewer)
  2 scorpions (D:4)
  A howler monkey (D:4)
  A jelly (D:3)
  A hound skeleton (D:4)
  3 gnolls
  3 adders
  A dart slug (D:3)
  An orc (D:4)
  20 endoplasms
  8 giant cockroaches
  A goblin (D:2)
  5 hobgoblins
  20 kobolds
  5 quokkas
  6 ball pythons
  5 bats
  4 frilled lizards
  12 rats
101 creatures vanquished.

Vanquished Creatures (others)
  2 fungi (D:3)
  12 plants
  10 toadstools (D:3)
24 creatures vanquished.

Grand Total: 125 creatures vanquished

Notes
Turn   | Place    | Note
-------+----------+-------------------------------------------
     0 | D:1      | safid the Hill Orc Fighter began the quest for the Orb.
     0 | D:1      | Reached XP level 1. HP: 19/19 MP: 1/1
   263 | D:1      | Reached XP level 2. HP: 25/27 MP: 2/2
   324 | D:1      | Found a faded altar of an unknown god.
   955 | D:1      | Reached XP level 3. HP: 13/33 MP: 3/3
  1133 | D:2      | Reached skill level 4 in Shields
  1243 | D:2      | Reached XP level 4. HP: 40/40 MP: 4/4
  1959 | D:3      | Reached skill level 1 in Axes
  1959 | D:3      | Reached skill level 5 in Shields
  1959 | D:3      | Reached XP level 5. HP: 41/46 MP: 5/5
  2170 | D:3      | Found Vimp's Jewellery Shop.
  2649 | D:4      | Noticed an ogre
  2649 | D:4      | Noticed an ogre
  2650 | D:4      | Noticed lotum's ghost (amateur DrAE)
  2651 | D:4      | Found a transporter.
  2651 | D:4      | Noticed an ogre
  2722 | D:4      | Reached XP level 6. HP: 48/52 MP: 6/6
  2995 | D:4      | Reached skill level 6 in Shields
  3504 | D:4      | Found a transporter.
  3545 | D:5      | Entered Level 5 of the Dungeon
  3586 | D:5      | Found a glowing drain.
  3604 | Sewer    | Entered a sewer
  3772 | Sewer    | Reached XP level 7. HP: 59/59 MP: 7/7
  3851 | Sewer    | Reached skill level 5 in Axes
  3986 | D:5      | Noticed Menkaure
  3999 | D:5      | HP: 3/60 [Menkaure/nerve-wracking pain (4)]
  4004 | D:5      | Killed from afar by Menkaure

Illustrated notes

Levels and vault maps discovered:
D:1:      minmay_arrival_up_and_down, layout_loops_ring,
          chequers_ecumenical_altar_simple_redux
D:2:      layout_basic
D:3:      cheibrodos_fertilizer, layout_basic, serial_shops, shop_statue,
          serial_bayou_lagoon_a, nicolae_elevator_lobby_plus
D:4:      layout_cave_pods, gammafunk_ghost_smash, roderic_lattice_a
D:5:      layout_basic, gup_sewer_entry_pipe, serial_shops,
          nicolae_shop_temple_entry_statues_fountains, uniq_menkaure

Skill      XL: |  1  2  3  4  5  6  7 |
---------------+----------------------+-----
Fighting       | 4 |  4.3
Armour         | 4 |  4.0
Shields        | 4 5 6 |  6.7
Axes           | 1 3 4 5 |  5.2
Polearms       | |  2.1

Action                   |  1- 3 |  4- 6 |  7- 9 || total
-------------------------+-------+-------+-------++-------
Melee: Trident           |    95 |    60 |       ||   155
       War axe           |       |   149 |    31 ||   180
Armor: Chain mail        |    59 |   134 |    21 ||   214
Dodge: Dodged            |    15 |    28 |     2 ||    45
Block: Buckler           |    12 |       |       ||    12
       Tower shield      |    49 |   175 |    33 ||   257
